 Zot Defence DCSS version 0.15-a0-1403-g2cecdf4 (webtiles) character file.

36913 PolkaDot the Brawler (level 11, -1/62 (92) HPs)
             Began as a Troll Death Knight on June 11, 2014.
             Was a Priest of Yredelemnul.
             Slain by a death cob (15 damage)
             ... summoned by a boggart
             ... in the Realm of Zot (Scenario I: Hall of Zot).
             The game lasted 00:22:19 (2051 turns).

PolkaDot the Brawler (Troll Death Knight)           Turns: 2051, Time: 00:22:19

HP  -1/62 (92)   AC  5     Str 23      XL: 11   Next: 16%
MP   8/8         EV  9     Int  7      God: Yredelemnul [***...]
Gold 0           SH  0     Dex 12      Spells:  0 memorised, 10 levels left

rFire  . . .     SeeInvis .       - Unarmed
rCold  . . .     Clarity  .     b - +0 robe (curse)
rNeg   . . .     rCorr    .     (shield restricted)
rPois  .         rRot     .     (helmet restricted)
rElec  .         Spirit   .     (no cloak)
SustAb .         Warding  .     (gloves unavailable)
rMut   .         Stasis   .     (boots unavailable)
Gourm  +                        (no amulet)
MR     .....                    (no ring)
                                (no ring)

@: lethally poisoned, not resistant to hostile enchantments, very unstealthy
A: unfitting armour, claws 3, fast metabolism 3, gourmand, regeneration 2,
saprovore 2, shaggy fur 1, tough skin 2
a: Make oklob sapling, Make arrow trap, Make plant, Remove Curse, Make burning
bush, Make altar, Make grenades, Make oklob plant, Make net trap, Make ice
statue, Make spear trap, Make alarm trap, Animate Dead, Recall Undead Slaves,
Injury Mirror, Renounce Religion
}: 2/15 runes: golden, glowing


You were in the Realm of Zot.
You worshipped Yredelemnul.
Yredelemnul was most pleased with you.
You were not hungry.

You visited 1 branch

Inventory:

Armour
 b - a cursed +0 robe (worn)
Comestibles
 c - 2 meat rations
Scrolls
 h - a scroll of blinking
Potions
 f - 2 potions of magic
 g - a potion of berserk rage


   Skills:
 - Level 1.5 Fighting
 - Level 1.2 Dodging
 + Level 16.4 Unarmed Combat
 - Level 2.4 Invocations


You had 10 spell levels left.
You didn't know any spells.

Dungeon Overview and Level Annotations

Branches:
    Zot (1/1)

Altars:


Innate Abilities, Weirdness & Mutations

You are too large for most types of armour.
You have claws for hands.
Your metabolism is lightning-fast.
You like to eat raw meat.
You heal very quickly.
You can eat rotten meat.
You are covered in fur (AC +1).
You have very tough skin (AC +2).


Message History

Your oklob sapling spits acid at the purple draconian.
The splash of acid hits the purple draconian.
The acid corrodes the purple draconian's equipment!
The purple draconian dies!
The purple draconian's corpse dissolves into shadows!
Something hits you but does no damage.
Gravelly voices can be heard calling for porridge!
Items here: ( ))))))
The death cob hits your oklob sapling. x2
Your burning bush throws fire at the merfolk.
The puff of flame hits the merfolk.
The death cob hits your oklob sapling.
Items here: ( ) 0 [ a scythe; a robe; 8 stones; the Orb of Zot Really attack your oklob sapling?
Okay, then.
You miss the death cob. You claw the death cob!
The death cob is severely damaged.
The death cob hits you!
You die...
Your body rises from the dead as a mindless zombie.

######### ######### ....####
####.... .......### ###.......
.....)...## ##...)...(.
..Z...Z...# ▓▓▓▓▓▓▓▓▓ #.(.)......
Z.........▓▓▓P.....P▓▓▓mz.)....).
........).▓▓.........▓▓)....)....
..........▓....)P.....▓m...).....
.........)..).(P@).))ed.{........
.........P▓P...%P..m(.▓d.........
..........▓▓.).......▓▓..........
..........▓▓▓......P▓▓▓..........
..........▓ ▓▓▓▓▓▓▓▓▓ ▓..........
.........▓▓ ▓▓.........
.......▓▓▓ ▓▓▓....... ....▓▓▓▓
▓▓▓▓.... ▓▓▓▓▓▓▓▓ ▓▓▓▓▓▓▓▓


You could see a yellow draconian, a green draconian, a death cob, 2 merfolk, a
deep elf priest, a friendly oklob plant, 3 friendly burning bushes and 4
friendly oklob saplings.

Vanquished Creatures
  A deep elf priest (Zot)
  A slime creature (Zot)
  2 redbacks (Zot)
  A hungry ghost (Zot)
  4 ugly things (Zot)
  An ice beast (Zot)
  Edmund (Zot)
  2 black bears (Zot)
  A tengu (shapeshifter) (Zot)
  A big kobold (Zot)
  A necrophage (Zot)
  2 scorpions (Zot)
  A troll zombie (Zot)
  A wight (Zot)
  2 orc priests (Zot)
  4 hounds (Zot)
  2 iguanas (Zot)
  2 worker ants (Zot)
  A mummy (Zot)
  Terence (Zot)
  3 adders (Zot)
  3 gnolls (Zot)
  2 green rats (Zot)
  A giant gecko (Zot)
  3 oozes (Zot)
  An orc (Zot)
  3 ball pythons (Zot)
  4 bats (Zot)
  10 goblins (Zot)
  4 hobgoblins (Zot)
  3 jackals (Zot)
  13 kobolds (Zot)
  6 quokkas (Zot)
  A giant newt (Zot)
  2 rats (Zot)
  2 rat zombies (Zot)
  3 butterflies (Zot)
96 creatures vanquished.

Vanquished Creatures (collateral kills)
  A purple draconian (Zot)
  A yaktaur (Zot)
  4 ugly things (Zot)
  A vampire (Zot)
  4 slime creatures (Zot)
  2 necrophages (Zot)
  A phantom (Zot)
  2 black bears (Zot)
  A centaur (Zot)
  A giant frog (Zot)
  Blork the orc (Zot)
  2 insubstantial wisps (Zot)
  A scorpion (Zot)
  A hound (Zot)
  A centaur skeleton (Zot)
  A worker ant (Zot)
  A giant frog skeleton (Zot)
  3 giant geckos (Zot)
  3 ball pythons (Zot)
  13 bats (Zot)
  3 giant cockroaches (Zot)
  A hobgoblin (Zot)
  A jackal (Zot)
  3 kobolds (Zot)
  2 giant newts (Zot)
  A giant spore (Zot)
  6 goblins (Zot)
  4 rats (Zot)
  6 butterflies (Zot)
72 creatures vanquished.

Vanquished Creatures (others)
  5 oklob plants (Zot)
  3 burning bushes (Zot)
  4 flying skulls (Zot)
  2 ugly thing zombies (Zot)
  Sigmund (Zot)
  4 oklob saplings (Zot)
  A centaur zombie (Zot)
  3 black bear zombies (Zot)
  A necrophage skeleton (Zot)
  A hound zombie (Zot)
  A worker ant zombie (Zot)
  2 human zombies (Zot)
  An adder zombie (Zot)
  An iguana zombie (Zot)
  2 orc zombies (Zot)
  2 bat skeletons (Zot)
  A bat zombie (Zot)
  A gnoll zombie (Zot)
  2 green rat zombies (Zot)
  A ball python skeleton (Zot)
  A giant newt skeleton (Zot)
  A giant newt zombie (Zot)
  2 gnoll skeletons (Zot)
  A goblin skeleton (Zot)
  2 goblin zombies (Zot)
  A hobgoblin skeleton (Zot)
  2 hobgoblin zombies (Zot)
  2 jackal skeletons (Zot)
  2 kobold skeletons (Zot)
  3 quokka zombies (Zot)
  A rat skeleton (Zot)
57 creatures vanquished.

Grand Total: 225 creatures vanquished

Notes
Turn   | Place    | Note
--------------------------------------------------------------
     0 | Zot      | PolkaDot, the Troll Death Knight, began the quest for the Orb.
     0 | Zot      | Reached XP level 1. HP: 19/19 MP: 1/1
   232 | Zot      | Reached XP level 2. HP: 21/27 MP: 1/1
   243 | Zot      | Reached skill level 3 in Unarmed Combat
   321 | Zot      | Reached XP level 3. HP: 33/33 MP: 3/3
   341 | Zot      | Noticed Deefiry
   359 | Zot      | Killed Deefiry the big kobold
   359 | Zot      | Reached skill level 5 in Unarmed Combat
   359 | Zot      | Reached XP level 4. HP: 17/41 MP: 3/3
   359 | Zot      | Reached XP level 5. HP: 19/48 MP: 3/3
   414 | Zot      | Reached skill level 6 in Unarmed Combat
   529 | Zot      | Reached XP level 6. HP: 52/55 MP: 5/5
   632 | Zot      | Noticed Terence
   640 | Zot      | Killed Terence
   829 | Zot      | Acquired Yredelemnul's second power
   829 | Zot      | Reached skill level 7 in Unarmed Combat
   993 | Zot      | Reached XP level 7. HP: 62/62 MP: 5/5
  1007 | Zot      | Reached skill level 8 in Unarmed Combat
  1034 | Zot      | Reached skill level 9 in Unarmed Combat
  1050 | Zot      | Got a glowing rune of Zot
  1127 | Zot      | Noticed Sigmund
  1141 | Zot      | Reached XP level 8. HP: 70/70 MP: 5/5
  1156 | Zot      | Killed Sigmund
  1227 | Zot      | Reached skill level 10 in Unarmed Combat
  1290 | Zot      | Reached skill level 11 in Unarmed Combat
  1311 | Zot      | Reached XP level 9. HP: 34/66 MP: 7/7
  1314 | Zot      | Acquired Yredelemnul's third power
  1321 | Zot      | Reached skill level 12 in Unarmed Combat
  1416 | Zot      | Reached skill level 13 in Unarmed Combat
  1444 | Zot      | Noticed Edmund
  1449 | Zot      | Killed Edmund
  1543 | Zot      | Reached XP level 10. HP: 75/75 MP: 7/7
  1577 | Zot      | Got a golden rune of Zot
  1872 | Zot      | Your ally Edmund died
  1876 | Zot      | Reached skill level 14 in Unarmed Combat
  1879 | Zot      | Your ally Sigmund died
  1945 | Zot      | Reached skill level 15 in Unarmed Combat
  1954 | Zot      | Killed Blork the orc
  2004 | Zot      | Reached skill level 16 in Unarmed Combat
  2011 | Zot      | Reached XP level 11. HP: 82/82 MP: 8/8
  2019 | Zot      | Noticed a purple draconian
  2025 | Zot      | Received a gift from Yredelemnul
  2027 | Zot      | Noticed a green draconian
  2033 | Zot      | Noticed a death cob
  2036 | Zot      | Noticed a yellow draconian
  2049 | Zot      | Killed a purple draconian
  2051 | Zot      | Slain by a death cob

Action                   |  1- 3 |  4- 6 |  7- 9 | 10-12 || total
-------------------------+-------+-------+-------+-------++-------
Melee: Unarmed           |    59 |    66 |   113 |    57 ||   295
Invok: Animate Remains   |     1 |       |       |       ||     1
       Animate Dead      |       |       |     7 |     5 ||    12
 Abil: Make oklob saplin |       |     6 |     2 |       ||     8
       Make burning bush |       |       |     5 |     1 ||     6
       Make oklob plant  |       |       |     2 |     4 ||     6
  Use: Potion            |       |       |     6 |       ||     6
 Stab: Distracted        |       |       |       |     2 ||     2
